 Dungeon Crawl Stone Soup version 0.26.0-15-gc6cd9f700b (webtiles) character file.

Game seed: 5424753169943356039

135640 Gnirx the Bludgeoner (level 16, -9/152 HPs)
             Began as a Minotaur Berserker on Jan 16, 2021.
             Was the Champion of Trog.
             Killed from afar by a fire dragon (23 damage)
             ... with a blast of flame
             ... on level 3 of the Swamp on Jan 17, 2021.
             The game lasted 01:13:30 (40037 turns).

Gnirx the Bludgeoner (Minotaur Berserker)          Turns: 40037, Time: 01:13:31

Health: -9/152     AC: 18    Str: 26    XL:     16   Next: 64%
Magic:  0/15       EV: 14    Int:  4    God:    Trog [******]
Gold:   2570       SH: 20    Dex: 13    Spells: 15/15 levels left

rFire    . . .     SeeInvis +   y - +3 morningstar "Xuukar" {vorpal, rElec}
rCold    . . .     Faith    .   c - +0 tower shield
rNeg     + . .     Spirit   +   F - +0 swamp dragon scales
rPois    +         Reflect  .   B - +0 hat {Will+}
rElec    +         Harm     .   d - +0 cloak
rCorr    .         Rampage  .   h - +0 pair of gloves
Will     ++...                  t - +1 pair of boots
Stlth    +.........             C - amulet of guardian spirit
HPRegen  0.35/turn              D - ring of see invisible
MPRegen  0.14/turn              T - ring of positive energy

@: about to teleport
A: retaliatory headbutt, horns 2
a: Renounce Religion, Berserk, Trog's Hand, Brothers in Arms


You were on level 3 of the Swamp.
You worshipped Trog.
Trog was exalted by your worship.
You visited 5 branches of the dungeon, and saw 28 of its levels.
You also visited: Ice Cave.

You collected 2806 gold pieces.
You spent 236 gold pieces at shops.

Inventory:

Hand Weapons
 a - a +6 morningstar of flaming
 b - a +0 longbow
 y - the +3 morningstar "Xuukar" (weapon) {vorpal, rElec}
   (Trog gifted it to you on level 3 of the Swamp)

   It inflicts extra damage upon your enemies.
   It insulates you from electricity.
Missiles
 j - 349 arrows
Armour
 c - a +0 tower shield (worn)
 d - a +0 cloak (worn)
 h - a +0 pair of gloves (worn)
 t - a +1 pair of boots (worn)
 B - a +0 hat of willpower (worn)
 F - +0 swamp dragon scales (worn)
 O - a +1 scale mail of poison resistance
Jewellery
 r - an uncursed ring of teleportation
 s - an uncursed ring of ice
 C - an amulet of guardian spirit (around neck)
 D - a ring of see invisible (left hand)
 R - an uncursed ring of see invisible
 T - a ring of positive energy (right hand)
 X - an uncursed ring of stealth
Wands
 k - a wand of paralysis (26)
 m - a wand of random effects (9)
 u - a wand of acid (17)
 P - a wand of flame (48)
 Q - a wand of polymorph (25)
 U - a wand of iceblast (12)
 Y - a wand of digging (6)
Scrolls
 e - 6 scrolls of remove curse
 l - 5 scrolls of blinking
 o - 8 scrolls of identify
 v - a scroll of enchant weapon
 x - 4 scrolls of fog
 A - a scroll of summoning
 I - 4 scrolls of magic mapping
 L - 4 scrolls of fear
 V - 2 scrolls of teleportation
 W - a scroll of enchant armour
 Z - a scroll of silence
Potions
 f - 6 potions of flight
 g - 5 potions of magic
 i - 3 potions of heal wounds
 n - a potion of might
 p - 9 potions of lignification
 q - 3 potions of invisibility
 w - 10 potions of curing
 z - a potion of resistance
 E - 3 potions of cancellation
 J - 3 potions of haste


   Skills:
 * Level 16.5 Fighting
 - Level 20.0 Maces & Flails
 + Level 2.3 Bows
 + Level 15.7 Armour
 * Level 9.2 Dodging
 + Level 13.4 Shields
 + Level 1.9 Evocations


You had 15 spell levels left.
You didn't know any spells.
Your spell library was empty.

Dungeon Overview and Level Annotations

Branches:
Dungeon (15/15)            Temple (1/1) D:6            Lair (6/6) D:9
  Swamp (4/4) Lair:3       Spider (0/4) Lair:3          Orc (2/2) D:9
    Elf (0/3) Orc:2        Vaults (0/5) D:13         Depths (0/5) D:15
  IceCv (visited)
  Slime: Lair:5-6

Altars:
Ashenzari
Cheibriados
Elyvilon
Gozag
Hepliaklqana
Kikubaaqudgha
Nemelex Xobeh
Sif Muna
Trog
Uskayaw
Wu Jian
Xom
Yredelemnul
Zin

Shops:
D:4 !   D:9 (}!   Orc:2 *(:?

Portals:
Trove: D:10 (give +2 gold dragon scales)

Annotations:
Lair:3 exclusion: oklob plant
Lair:6 exclusion: 2 oklob plants


Innate Abilities, Weirdness & Mutations

You reflexively headbutt those who attack you in melee.
You have a pair of horns on your head.


Message History

You block the fire dragon's attack.
The swamp drake bites you but does no damage.
The fire dragon bites you.
* * * LOW HITPOINT WARNING * * *
You block the fire dragon's attack. x2
There is a stone staircase leading up, spattered with blood here.
The swamp drake breathes poison at you. The noxious blast misses you.
The fire dragon breathes flames at you. The blast of flame hits you!!!
* * * LOW HITPOINT WARNING * * *
You climb upwards.
There is a stone staircase leading down, spattered with blood here.
You see here +0 swamp dragon scales.
As you read the scroll of teleportation, it crumbles to dust.
You feel strangely unstable. The swamp drake completely misses you.
You furiously retaliate!
You headbutt the swamp drake. The fire dragon breathes flames at you.
The blast of flame hits you!!
You die...

♣♣≈≈.≈.≈.≈♣♣.≈≈≈♣♣≈....♣♣♣≈≈♣
♣≈.§..≈.≈)♣♣.≈≈.♣♣♣♣♣≈.♣♣≈..♣♣♣
≈..≈≈....♣♣♣♣♣.≈♣ ♣≈.≈..≈≈≈..♣
♣≈≈....♣♣♣♣♣♣♣♣♣♣ ♣.......≈≈≈♣♣♣
♣≈....†§♣♣♣≈♣♣ ♣♣♣♣♣♣♣♣♣♣≈≈≈...♣
♣..≈...♣♣..≈.♣♣♣♣....♣≈≈≈♣.≈.♣.≈≈
♣§≈.≈≈....≈≈♣♣♣....≈....≈≈≈≈≈.≈≈≈
≈..≈.§.[.≈♣♣♣♣.D.<.§...≈≈≈≈≈...≈≈
.......≈≈≈≈♣♣..[@..♣..§≈≈≈≈<.≈...
.≈..≈.§.≈≈♣♣..≈k≈≈≈...≈..≈≈≈≈)≈≈.
.≈≈............≈≈≈≈≈≈≈≈≈≈≈≈≈≈≈)≈≈
.......#.##.....≈≈≈≈≈≈§≈≈≈≈≈≈..≈.
.§..#..#..#.#....≈≈.>.≈≈≈≈.....♣≈
♣......####......≈..≈§≈≈≈.....≈♣♣
♣.#.............♣...≈≈≈≈≈..≈≈≈..♣
♣.##.#.....###..≈≈≈≈≈≈≈≈≈≈≈≈≈≈≈≈≈
♣...........##..≈.≈≈≈≈≈≈.§≈≈≈≈≈.♣


You could see a fire dragon (catching breath) and a swamp drake (catching
breath).

Vanquished Creatures
  Jorgrun (Orc:2)
  A thorn hunter (Swamp:2)
  A fenstrider witch (Swamp:3)
  3 bunyips (Swamp:3)
  The ghost of Veteran the Blocker, a journeyman DDFi of Makhleb (Orc:2)
  The ghost of Ycut the Geomancer, a journeyman GrEE of Hepliaklqana (Lair:5)
  A fire dragon (Swamp:4)
  2 shambling mangroves
  An eleionoma (Swamp:3)
  Fannar (Lair:1)
  A rakshasa (D:15)
  The ghost of kwass the Cleaver, a journeyman MiFi of Wu Jian (Orc:2)
  4 vault guards
  9 hydras
  A catoblepas (D:15)
  3 centaur warriors (D:13)
  10 two-headed ogres
  An ogre mage (D:15)
  A vampire mage (D:15)
  6 alligators
  An orc high priest (Orc:2)
  Sonja (D:10)
  Urug (Lair:1)
  3 unseen horrors
  2 spriggan druids
  A golden dragon zombie (D:15)
  7 swamp dragons
  A spark wasp zombie (D:15)
  A skeletal warrior (D:15)
  5 goliath frogs
  2 bog bodies
  2 deep elf magi
  Pikel (D:7)
  2 lindwurms
  2 necromancers
  An orc knight (Orc:1)
  4 orc sorcerers
  A manticore (D:15)
  9 ugly things
  4 cyclopes
  4 will-o-the-wisps
  10 elephants
  Joseph (D:8)
  2 black mambas
  A stone giant skeleton (D:15)
  3 centaur zombies
  A torpor snail (Lair:6)
  13 cane toads
  A gargoyle (D:12)
  A spriggan zombie (D:15)
  2 komodo dragons
  3 rime drakes
  A guardian mummy (D:15)
  3 trolls
  5 polar bears (Lair:6)
  8 tyrant leeches
  A jumping spider (Lair:3)
  12 hornets
  Prince Ribbit (D:5)
  12 blink frogs
  6 slime creatures (D:13)
  2 redbacks (Lair:3)
  19 spriggans
  46 yaks
  2 wraiths
  7 humans
  5 basilisks
  8 wyverns
  12 vampire mosquitoes
  2 steam dragons
  Menkaure (D:4)
  6 wargs
  An acid dragon (D:13)
  2 soldier ants
  19 swamp worms
  Duvessa (D:7)
  18 water moccasins
  9 swamp drakes
  7 black bears
  17 orc warriors
  2 sky beasts
  11 ice beasts
  An eye of draining (D:15)
  15 ogres
  3 phantoms
  30 wolves
  8 boggarts
  3 elephant zombies (Lair:3)
  6 centaurs
  A lemure (D:7)
  2 komodo dragon zombies (Lair:3)
  A big kobold (D:7)
  18 bullfrogs
  A water moccasin zombie (D:7)
  Dowan (D:7)
  A wyvern skeleton (D:9)
  4 scorpions
  4 wights
  7 killer bees
  7 electric eels
  4 howler monkeys
  A vampire bat (Lair:6)
  5 bullfrog zombies
  10 hounds
  A quasit (D:12)
  A basilisk zombie (Lair:3)
  3 bullfrog skeletons
  2 jellies
  A gnoll shaman (D:7)
  19 orc priests
  Jessica (D:2)
  4 centaur skeletons
  An iguana (D:5)
  9 worker ants
  24 orc wizards
  A hound zombie (D:7)
  A hound skeleton (D:5)
  8 gnolls
  8 adders
  A shadow imp (D:8)
  4 white imps
  An ufetubus (D:5)
  An ooze (D:4)
  An adder skeleton (D:9)
  6 worms
  3 dart slugs
  A leopard gecko (D:10)
  86 orcs
  A ball python (D:3)
  7 giant cockroaches
  7 goblins
  10 hobgoblins
  10 jackals
  11 quokkas
  8 bats
  7 frilled lizards
  13 kobolds
  2 leopard gecko skeletons
  A leopard gecko zombie (D:5)
  9 rats
796 creatures vanquished.

Vanquished Creatures (others)
  A fire dragon (Swamp:4)
  A lindwurm (Swamp:4)
  A bloated husk (Swamp:3)
  A human (D:13)
  A swamp drake (Swamp:3)
  An orc (D:6)
  2 briar patches (Swamp:2)
  16 foxfires
  50 fungi
  68 plants
  9 withered plants (D:15)
151 creatures vanquished.

Grand Total: 947 creatures vanquished

Notes
Turn   | Place    | Note
-------+----------+-------------------------------------------
     0 | D:1      | Gnirx the Minotaur Berserker began the quest for the Orb.
     0 | D:1      | Reached XP level 1. HP: 19/19 MP: 0/0
   406 | D:1      | Reached skill level 4 in Maces & Flails
   446 | D:1      | Reached XP level 2. HP: 27/27 MP: 1/1
  1185 | D:1      | Reached XP level 3. HP: 33/33 MP: 2/2
  1426 | D:2      | Reached ** piety under Trog
  1606 | D:2      | Reached skill level 5 in Maces & Flails
  2156 | D:2      | Noticed Jessica
  2159 | D:2      | Killed Jessica
  2160 | D:2      | Reached XP level 4. HP: 41/41 MP: 3/3
  2429 | D:3      | Found an opulent altar of Gozag.
  2699 | D:3      | Found a basalt altar of Yredelemnul.
  2867 | D:3      | Reached skill level 6 in Maces & Flails
  2874 | D:3      | Reached *** piety under Trog
  2975 | D:3      | Reached XP level 5. HP: 47/47 MP: 4/4
  3502 | D:4      | You fall into a shaft and drop 3 floors!
  3654 | D:7      | Noticed a lemure
  3654 | D:7      | Noticed a lemure
  3658 | D:7      | Noticed a lemure
  3659 | D:7      | Noticed Pikel
  3664 | D:7      | Killed a lemure
  3665 | D:7      | Noticed a lemure
  3671 | D:7      | Killed Pikel
  3672 | D:7      | Reached skill level 5 in Fighting
  3672 | D:7      | Reached skill level 8 in Maces & Flails
  3672 | D:7      | Reached XP level 6. HP: 56/56 MP: 5/5
  3672 | D:7      | Reached XP level 7. HP: 61/61 MP: 6/6
  3712 | D:6      | Found a white marble altar of Elyvilon.
  3735 | D:7      | Reached skill level 9 in Maces & Flails
  4305 | D:5      | Entered Level 5 of the Dungeon
  4338 | D:5      | Reached skill level 5 in Armour
  4398 | D:5      | Reached XP level 8. HP: 65/69 MP: 7/7
  4433 | D:4      | Found a sparkling altar of Nemelex Xobeh.
  4499 | D:5      | Found a glowing silver altar of Zin.
  4874 | D:5      | Reached **** piety under Trog
  4875 | D:5      | Reached skill level 10 in Maces & Flails
  5347 | D:4      | Found Cafo's Distillery.
  5354 | D:4      | Bought a potion of heal wounds for 60 gold pieces
  5354 | D:4      | Bought a potion of curing for 36 gold pieces
  5646 | D:4      | Noticed Menkaure
  5651 | D:4      | Killed Menkaure
  6323 | D:5      | Found the +2 hat of the Bear Spirit {Spirit, +Rage rN+
                  | Will++}
  6337 | D:5      | Noticed Prince Ribbit
  6564 | D:5      | Killed Prince Ribbit
  6565 | D:5      | Reached skill level 11 in Maces & Flails
  6855 | D:5      | Reached XP level 9. HP: 59/75 MP: 8/8
  7509 | D:6      | Found a staircase to the Ecumenical Temple.
  7600 | D:6      | Found a bloodstained altar of Trog.
  7874 | D:7      | Reached skill level 12 in Maces & Flails
  8141 | D:7      | Reached ***** piety under Trog
  8351 | D:7      | Found a shimmering altar of Xom.
  8654 | D:7      | Found an ancient bone altar of Kikubaaqudgha.
  8688 | D:7      | Noticed Duvessa
  8688 | D:7      | Noticed Dowan
  8693 | D:7      | Killed Duvessa
  8696 | D:7      | Killed Dowan
  9139 | D:8      | Reached XP level 10. HP: 81/86 MP: 9/9
  9238 | D:8      | Reached skill level 13 in Maces & Flails
  9403 | D:8      | Found a hide-covered altar of Uskayaw.
  9448 | D:8      | Noticed Joseph
  9470 | D:8      | Killed Joseph
  9561 | D:8      | Received a gift from Trog
  9957 | D:9      | Found a staircase to the Orcish Mines.
 10237 | D:9      | Noticed a cyclops
 10384 | D:9      | Killed a cyclops
 10385 | D:9      | Reached skill level 14 in Maces & Flails
 10440 | D:9      | Found a snail-covered altar of Cheibriados.
 10454 | D:9      | Found Egrei's Weapon Emporium.
 10526 | D:9      | Found Gitirefa's Distillery.
 10526 | D:9      | Found Ebonoop's Gadget Emporium.
 10570 | D:9      | Bought a potion of heal wounds for 70 gold pieces
 10570 | D:9      | Bought a potion of heal wounds for 70 gold pieces
 10687 | D:9      | Found a staircase to the Lair.
 10874 | D:9      | Found a broken altar of Ashenzari.
 10876 | D:9      | Found an ornate altar of the Wu Jian Council.
 10876 | D:9      | Found a hazy altar of Hepliaklqana.
 10876 | D:9      | Found a shimmering blue altar of Sif Muna.
 10932 | D:10     | Entered Level 10 of the Dungeon
 11082 | D:10     | Noticed Sonja
 11089 | D:10     | Killed Sonja
 11123 | D:9      | HP: 4/90 [poisoned by Sonja]
 11697 | D:10     | Found a portal to a secret trove of treasure.
 11813 | D:10     | Noticed a two-headed ogre
 11817 | D:10     | Killed a two-headed ogre
 11818 | D:10     | Reached skill level 15 in Maces & Flails
 11818 | D:10     | Reached XP level 11. HP: 79/95 MP: 7/10
 12054 | D:10     | Noticed an unseen horror
 12064 | D:10     | Killed an unseen horror
 12065 | D:10     | Reached skill level 10 in Armour
 13548 | D:12     | Noticed an unseen horror
 13548 | D:12     | Noticed a white ugly thing
 13561 | D:12     | Killed a white ugly thing
 13562 | D:12     | Reached skill level 16 in Maces & Flails
 13562 | D:12     | Killed an unseen horror
 14124 | D:13     | Noticed a centaur warrior
 14125 | D:13     | Noticed a purple ugly thing
 14140 | D:13     | Noticed a two-headed ogre
 14220 | D:13     | Noticed a deep elf mage
 14231 | D:12     | Killed a deep elf mage
 14258 | D:12     | Received a gift from Trog
 14427 | D:13     | Noticed a two-headed ogre
 14436 | D:13     | Killed a two-headed ogre
 14621 | D:13     | Noticed a two-headed ogre
 14796 | D:13     | Killed a two-headed ogre
 14999 | D:13     | Killed a two-headed ogre
 15000 | D:13     | Reached skill level 10 in Fighting
 15000 | D:13     | Reached XP level 12. HP: 84/106 MP: 8/11
 15252 | D:13     | Reached skill level 17 in Maces & Flails
 15277 | D:13     | Killed a centaur warrior
 15590 | D:13     | Noticed a centaur warrior
 15596 | D:13     | Killed a centaur warrior
 16026 | D:13     | Noticed a centaur warrior
 16043 | D:13     | Killed a centaur warrior
 16044 | D:13     | Reached skill level 5 in Dodging
 16261 | D:13     | Noticed a vault guard
 16279 | D:13     | Noticed a vault guard
 16282 | D:13     | Noticed a vault guard
 16310 | D:12     | Killed a vault guard
 16316 | D:12     | Killed a vault guard
 16321 | D:12     | Killed a vault guard
 16622 | Temple   | Entered the Ecumenical Temple
 16638 | Temple   | Reached skill level 18 in Maces & Flails
 16638 | Temple   | Reached skill level 1 in Evocations
 16638 | Temple   | Reached XP level 13. HP: 116/116 MP: 12/12
 16848 | D:13     | Found a gate to the Vaults.
 17563 | Lair:1   | Entered Level 1 of the Lair of Beasts
 18294 | Lair:1   | Noticed Urug
 18295 | Lair:1   | Noticed Fannar
 18301 | Lair:1   | Killed Urug
 18304 | Lair:1   | Killed Fannar
 18956 | Lair:2   | Found a frozen archway.
 19013 | IceCv    | Entered an ice cave
 19061 | IceCv    | Reached XP level 14. HP: 73/126 MP: 8/13
 19430 | Lair:2   | Reached skill level 5 in Shields
 20640 | Lair:3   | Received a gift from Trog
 21624 | Lair:3   | Found a hole to the Spider Nest.
 21891 | Lair:3   | Found a staircase to the Swamp.
 23842 | Lair:5   | Reached skill level 19 in Maces & Flails
 23884 | Lair:5   | Found a runed translucent door.
 23885 | Lair:5   | Noticed Ycut's ghost (journeyman GrEE)
 24647 | Lair:5   | Killed Ycut's ghost
 24780 | Lair:6   | Entered Level 6 of the Lair of Beasts
 25790 | Lair:6   | Received a gift from Trog
 26310 | Lair:6   | Reached XP level 15. HP: 117/136 MP: 11/14
 27150 | Orc:1    | Entered Level 1 of the Orcish Mines
 27734 | Orc:2    | Entered Level 2 of the Orcish Mines
 27734 | Orc:2    | Found a staircase to the Elven Halls.
 27792 | Orc:1    | Reached skill level 10 in Shields
 27856 | Orc:1    | Reached ****** piety under Trog
 28193 | Orc:2    | Noticed Jorgrun
 28215 | Orc:2    | Killed Jorgrun
 28505 | Orc:2    | HP: 4/137 [orc sorcerer/bolt of fire (13)]
 28915 | Orc:2    | Received a gift from Trog
 28962 | Orc:2    | Found Fint's Weapon Shoppe.
 28962 | Orc:2    | Found Sypaph's Magic Scroll Emporium.
 28963 | Orc:2    | Found Onni's Book Emporium.
 28966 | Orc:2    | Found Vabotug's Assorted Antiques.
 29038 | Orc:2    | Reached skill level 15 in Armour
 29609 | Orc:2    | Found a runed translucent gate.
 29609 | Orc:2    | Found a runed translucent gate.
 29609 | Orc:2    | Found a runed translucent gate.
 29609 | Orc:2    | Noticed Veteran's ghost (journeyman DDFi)
 29609 | Orc:2    | Noticed kwass's ghost (journeyman MiFi)
 29877 | Orc:2    | Killed kwass's ghost
 29891 | Orc:2    | Killed Veteran's ghost
 30199 | D:14     | Got a faintly glowing kite shield
 30217 | D:13     | Identified the cursed -6 kite shield of Depression
                  | {*Corrode rN++} (You found it on level 14 of the Dungeon)
 30561 | D:15     | Entered Level 15 of the Dungeon
 30698 | D:15     | Reached skill level 20 in Maces & Flails
 30888 | D:15     | Received a gift from Trog
 31682 | D:15     | Found a staircase to the Depths.
 32881 | Swamp:1  | Entered Level 1 of the Swamp
 33078 | Swamp:1  | Reached skill level 15 in Fighting
 35103 | Swamp:2  | Reached XP level 16. HP: 130/149 MP: 11/15
 35749 | Swamp:2  | Noticed a thorn hunter
 35770 | Swamp:2  | Killed a thorn hunter
 36893 | Swamp:3  | Received a gift from Trog
 36936 | Swamp:3  | Got a transparent morningstar {god gift}
 36937 | Swamp:3  | Identified the +3 morningstar "Xuukar" {vorpal, rElec}
                  | (Trog gifted it to you on level 3 of the Swamp)
 37256 | Swamp:3  | HP: 2/151 [alligator[a spriggan druid] (13)]
 37265 | Swamp:2  | HP: 7/151 [alligator[a spriggan druid] (5)]
 38719 | Swamp:4  | Entered Level 4 of the Swamp
 40037 | Swamp:3  | Killed from afar by a fire dragon

Illustrated notes

Levels and vault maps discovered:
D:1:      roderic_dead_forest, layout_loops_corners, hex_medium
D:2:      layout_basic, uniq_jessica
D:3:      cheibrodos_helix_gallery, layout_loops_corners, lemuel_doored_altar,
          nicolae_overflow_crystal_walls
D:4:      layout_loops_corners, nicolae_overflow_hidden_temple, serial_shops,
          shop, uniq_menkaure
D:5:      layout_loops_ring, general_overflow_altar, uniq_prince_ribbit1
D:6:      layout_rooms, old_standard_altar, minmay_temple_entry_wispy,
          cheibrodos_sewer_entry_bend, trog_ov_bears_minmay
D:7:      layout_loops_cross, kiku_gazebo_garden_becter, xom_teletrap_fun,
          uniq_duvessa, uniq_pikel
D:8:      layout_cave_pools, eat_drink_and_be_merry_uskayaw, uniq_joseph
D:9:      layout_rooms, minitemple, old_standard_altar, lair_entry_dummy,
          david_orc_3, serial_shops, nicolae_shop_crystal, shop, shop
D:10:     layout_basic, trove_entry_hex_spiral, uniq_sonja
D:11:     layout_small_grid
D:12:     layout_rooms
D:13:     minmay_recursive_quarters, layout_cave_pools,
          ximxim_vaults_locker_room
D:14:     layout_cave_pools
D:15:     gammafunk_depths_entry_grave, layout_cave_pools, minmay_misc_feat_x
Temple:   zaba_magenta_temple
Lair:1:   layout_long_grid, grunt_megastairs_3, uniq_urug, uniq_fannar
Lair:2:   layout_long_grid, portal_ice_cave_rime
Lair:3:   pond_and_an_island_with_a_cottage, layout_chaotic_city,
          minmay_swamp_entry_worms, spider_nest_entry_a,
          minmay_lair_oklob_chamber, lemuel_fruit_fields
Lair:4:   layout_layer_cave, serial_bayou_lagoon_a
Lair:5:   layout_regular_city, ebering_ghost_inner_flame, st_stairs_3,
          minivault_27, serial_bayou_shore_b, infiniplex_staircase_pool
Lair:6:   minmay_lair_end_enchanted_forest, layout_misc_corridors,
          minmay_slime_entry_oklob_open, roderic_batcave
Swamp:1:  layout_basic_swamp, evilmike_swamp_ruin_rubble_1, swamp_pool4
Swamp:2:  layout_basic_swamp, evilmike_swamp_ruin_house_3, swamp_pool1
Swamp:3:  layout_basic_swamp, evilmike_swamp_ruin_rubble_2, swamp_pool1
Swamp:4:  swamp_fiery, layout_basic_swamp, swamp_pool1,
          nicolae_swamp_dragon_and_kin, infiniplex_staircase_pool_2, uniq_nikola
Orc:1:    layout_caves, uniq_josephine, uniq_harold
Orc:2:    st_orc_mages, layout_caves, gammafunk_ghost_cemetery, uniq_jorgrun

Skill      XL: |  1  2  3  4  5  6  7  8  9 10 11 12 13 14 15 16 |
---------------+-------------------------------------------------+-----
Maces & Flails | 4 5 6 8 9 11 12 15 16 18 19 20 | 20.0
Fighting       | 4 5 6 7 8 10 11 12 13 15 16 | 16.5
Armour         | 4 5 7 8 9 11 13 14 15 | 15.7
Dodging        | 3 4 5 7 9 |  9.2
Bows           | 2 |  2.3
Shields        | 2 4 9 11 13 | 13.4
Evocations     | 1 |  1.9

Action                   |  1- 3 |  4- 6 |  7- 9 | 10-12 | 13-15 | 16-18 || total
-------------------------+-------+-------+-------+-------+-------+-------++-------
Melee: Mace              |    72 |       |       |       |       |       ||    72
       Headbutt          |    13 |    14 |    59 |    78 |   266 |    72 ||   502
       Flail             |    17 |    81 |   379 |    50 |       |       ||   527
       Morningstar       |       |       |       |   375 |  1208 |   295 ||  1878
Invok: Berserk           |       |     1 |     7 |     8 |    13 |     3 ||    32
  Use: Scroll            |       |     8 |     5 |    19 |    10 |     2 ||    44
       Potion            |       |       |     1 |     2 |     3 |     1 ||     7
Armor: Animal skin       |    28 |       |       |       |       |       ||    28
       Chain mail        |    12 |    56 |    74 |       |       |       ||   142
       Scale mail        |       |       |   124 |       |    73 |    74 ||   271
       Plate armour      |       |       |    34 |   294 |   502 |       ||   830
       Swamp dragon scal |       |       |       |       |       |    37 ||    37
Dodge: Dodged            |    73 |    34 |   251 |   213 |   245 |   136 ||   952
Block: Tower shield      |       |       |       |       |  1115 |   347 ||  1462
       Kite shield       |       |       |       |       |     6 |       ||     6
